 Dungeon Crawl Stone Soup version 0.20-a0-870-g4070442 (webtiles) character file.

103 polly the Ruffian (level 4, 0/33 HPs)
             Began as a Demonspawn Gladiator on Mar 14, 2017.
             Killed from afar by neptus's ghost (7 damage)
             ... with a magic dart
             ... on level 3 of the Dungeon.
             The game lasted 00:01:32 (1185 turns).

polly the Ruffian (Demonspawn Gladiator)            Turns: 1185, Time: 00:01:32

Health: 0/33       AC:  9    Str: 15    XL:     4   Next: 51%
Magic:  4/4        EV: 13    Int: 10    God:
Gold:   92         SH:  0    Dex: 14    Spells: 3/3 levels left

rFire    . . .     SeeInvis .     - Unarmed
rCold    . . .     Gourm    .   a - +0 leather armour
rNeg     . . .     Faith    .   (no shield)
rPois    .         Spirit   .   b - +0 helmet
rElec    .         Reflect  .   l - +2 cloak
rCorr    .         Harm     .   (no gloves)
MR       .....                  (no boots)
Stlth    +.........             (no amulet)
Regen    0.2/turn               (no ring)
MPRegen  0.1/turn               (no ring)

@: no status effects
A: icy blue scales 1, powered by death 2
a: no special abilities


You were on level 3 of the Dungeon.
You were very hungry.

You visited 1 branch of the dungeon, and saw 3 of its levels.

You collected 92 gold pieces.

Inventory:

Missiles
 c - 3 throwing nets (quivered)
Armour
 a - a +0 leather armour (worn)
 b - a +0 helmet (worn)
 l - a +2 cloak (worn)
Scrolls
 e - a scroll of random uselessness {unknown}
 f - 2 scrolls of teleportation {unknown}
 h - a scroll of enchant weapon {unknown}
 i - 4 scrolls of identify {unknown}
Potions
 g - 2 potions of heal wounds {unknown}
 j - a potion of brilliance {unknown}
 k - a potion of curing {unknown}
 m - 2 potions of haste {unknown}
Comestibles
 d - 3 bread rations


   Skills:
 + Level 2.2 Fighting
 + Level 1.9 Throwing
 + Level 0.6 Armour
 + Level 3.4 Dodging
 + Level 0.2 Stealth
 + Level 3.9 Unarmed Combat


You had 3 spell levels left.
You didn't know any spells.

Dungeon Overview and Level Annotations

Branches:
Dungeon (3/15)

Altars:
Dithmenos

Annotations:
D:3 neptus's ghost, amateur NaWz


Innate Abilities, Weirdness & Mutations

You are partially covered in icy blue scales. (AC +2)
You regenerate health from kills.


Message History

Neptus's ghost is heavily damaged.
You barely miss neptus's ghost.
Neptus's ghost is heavily damaged.
Neptus's ghost misses you.
You hit neptus's ghost but do no damage.
Neptus's ghost is heavily damaged.
Neptus's ghost hits you but does no damage.
You hit neptus's ghost but do no damage.
Neptus's ghost is heavily damaged.
Neptus's ghost gestures at you while chanting.
The magic dart hits you!
* * * LOW HITPOINT WARNING * * *
You hit neptus's ghost but do no damage.
You punch neptus's ghost.
Neptus's ghost is severely damaged.
Neptus's ghost hits you.
* * * LOW HITPOINT WARNING * * *
Neptus's ghost points at you and mumbles some strange words.
The magic dart hits you!
You die...

#######........#
.............#.#
......######.#.#
.............#.#
......########.#######
...........#.........#
......####.#.#.#####.###
......#.....W#.W.......#
......#.#..#.###@#.#.#.#
......# #..#...#.#.#.#.#
......# ##.###.#.#.#.#.#
......# ..# #.#(#...#.####
#...##########.#.#.###....#
.....................####.#
##############.#.###.####.#
#...............#
#..#.....#.######


You could see neptus's ghost.

Vanquished Creatures
  Robin (D:3)
  A gnoll (D:1)
  2 adders (D:2)
  3 oozes
  An adder skeleton (D:3)
  A leopard gecko (D:1)
  3 ball pythons
  5 bats
  A giant cockroach (D:2)
  9 goblins
  9 hobgoblins
  4 kobolds
  2 frilled lizards (D:2)
  6 rats (D:1)
48 creatures vanquished.

Notes
Turn   | Place    | Note
-------+----------+-------------------------------------------
     0 | D:1      | polly the Demonspawn Gladiator began the quest for the Orb.
     0 | D:1      | Reached XP level 1. HP: 16/16 MP: 1/1
   109 | D:1      | Gained mutation: You regenerate a little health from kills. [demonic ancestry]
   109 | D:1      | Reached XP level 2. HP: 14/22 MP: 2/2
   376 | D:2      | Gained mutation: You regenerate health from kills. [demonic ancestry]
   376 | D:2      | Reached XP level 3. HP: 27/27 MP: 3/3
   406 | D:2      | Found a shadowy altar of Dithmenos.
   664 | D:2      | Gained mutation: You are partially covered in icy blue scales. (AC +2) [demonic ancestry]
   664 | D:2      | Reached XP level 4. HP: 20/33 MP: 4/4
   987 | D:3      | Noticed Robin
  1024 | D:3      | Killed Robin
  1151 | D:3      | Noticed neptus's ghost (amateur NaWz)
  1185 | D:3      | Killed from afar by neptus's ghost

Vault maps used:
D:1:      dpeg_arrival_tiny_c, minmay_tree_intersection
D:2:      marbit_many_paths
D:3:      small_statue_intersection, uniq_robin

Skill      XL: |  1  2 |
---------------+-------+-----
Unarmed Combat | 3 |  3.9
Dodging        | 3 |  3.4
Fighting       | |  2.2
Throwing       | |  1.9
Armour         | |  0.6
Stealth        | |  0.2

Action                   |  1- 3 |  4- 6 || total
-------------------------+-------+-------++-------
Melee: Unarmed           |   143 |    62 ||   205
       Punch             |     7 |     4 ||    11
 Stab: Sleeping          |     1 |       ||     1
Armor: Leather armour    |    55 |    25 ||    80
Dodge: Dodged            |   105 |    42 ||   147
